 Dungeon Crawl Stone Soup version 0.18.1-48-g4cf74bf (webtiles) character file.

90468 tyranidshit the Cleaver (level 15, -3/150 HPs)
             Began as a Deep Dwarf Necromancer on Sept 4, 2016.
             Was the Champion of Makhleb.
             Succumbed to a ghost moth's poison
             ... on level 4 of the Lair of Beasts.
             The game lasted 02:42:15 (24580 turns).

tyranidshit the Cleaver (Deep Dwarf Necromancer)   Turns: 24580, Time: 02:42:15

Health: -3/150     AC: 38    Str: 21 (23) XL:     15   Next: 52%
Magic:  0/13       EV:  8    Int: 14 (18) God:    Makhleb [******]
Gold:   2127       SH: 11    Dex:  8 (15) Spells: 3 memorised, 17 levels left

rFire  . . .     SeeInvis .     d - +5 hand axe (vamp)
rCold  + . .     Gourm    .     E - +6 plate armour of Qetohoh {Str+3}
rNeg   + . .     Faith    .     u - +0 shield
rPois  +         Spirit   .     y - +1 helmet
rElec  .         Dismiss  .     e - +2 cloak
rCorr  .         Reflect  .     w - +2 pair of gloves
SustAt +         Harm     +     M - +1 pair of boots "Vytytyt" {+Fly}
MR     +++++                    i - amulet "Qenire" {Harm *Drain rC- MR+++ Str+2 Dex+3}
Stlth  ..........               r - ring of Ru's Approval {rC+ MR++ MP-9 Int+2}
                                k - ring of sustain attributes

@: lethally poisoned (-3 -> -86), non-regenerating, almost entirely resistant to
hostile enchantments, extremely unstealthy
A: damage resistance, recharge devices, molten scales 1, rough black scales 1,
cold resistance 1, magic resistance 1, negative energy resistance 1, sense
surroundings 2, poison resistance, shaggy fur 1, slow regeneration 3, evolution
1
a: Device Recharging, Minor Destruction, Lesser Servant of Makhleb, Major
Destruction, Greater Servant of Makhleb, Renounce Religion, Evoke Flight


You were on level 4 of the Lair of Beasts.
You worshipped Makhleb.
Makhleb was exalted by your worship.
You were hungry.

You visited 5 branches of the dungeon, and saw 27 of its levels.
You also visited: Labyrinth, Sewer and Ice Cave.

You collected 2716 gold pieces.
You spent 589 gold pieces at shops.

Inventory:

Hand Weapons
 b - a +5 broad axe
 d - a +5 vampiric hand axe (weapon)
 m - the +8 hand axe of Blood {chop, Int+4}
   (You bought it in a shop on level 2 of the Orcish Mines)

   It inflicts extra damage upon your enemies.
   It affects your intelligence (+4).
 s - the +2 battleaxe of No Interval {freeze, +Blink rElec rC+ Str+2}
   (You found it on level 1 of the Spider Nest)

   It has been specially enchanted to freeze those struck by it, causing extra
   injury to most foes and up to half again as much damage against particularly
   susceptible opponents.
   It can also slow down cold-blooded creatures.
   It affects your strength (+2).
   It protects you from cold.
   It insulates you from electricity.
   It lets you blink.
Armour
 e - a +2 cloak (worn)
 o - the +2 leather armour of Zysiwku Ceca {Int+5}
   (You bought it in a shop on level 2 of the Orcish Mines)

   It affects your intelligence (+5).
 u - a +0 shield (worn)
 w - a +2 pair of gloves (worn)
 y - a +1 helmet (worn)
 E - the +6 plate armour of Qetohoh (worn) {Str+3}
   (You found it on level 5 of the Lair of Beasts)

   It affects your strength (+3).
 M - the +1 pair of boots "Vytytyt" (worn) {+Fly}
   (You found it on level 10 of the Dungeon)

   It lets you fly.
Jewellery
 i - the amulet "Qenire" (around neck) {Harm *Drain rC- MR+++ Str+2 Dex+3}
   (You found it in an ice cave)

   [amulet of harm]

   It increases damage dealt and taken.
   It affects your strength (+2).
   It affects your dexterity (+3).
   It makes you vulnerable to cold.
   It affects your resistance to hostile enchantments.
 j - a +4 ring of intelligence
 k - a ring of sustain attributes (left hand)
 r - the ring of Ru's Approval (right hand) {rC+ MR++ MP-9 Int+2}
   (You found it in an ice cave)

   [ring of protection from cold]

   It affects your intelligence (+2).
   It protects you from cold.
   It affects your resistance to hostile enchantments.
   It affects your magic capacity (-9).
 I - an uncursed ring of protection from magic
 K - a +4 ring of strength
 N - an uncursed ring of wizardry
 P - an uncursed ring of resist corrosion
Wands
 c - a wand of heal wounds (0/9)
 B - a wand of slowing (30/48)
 F - a wand of teleportation (0/9)
 Q - a wand of teleportation (0/9)
Scrolls
 f - a scroll of holy word {unknown}
 g - 2 scrolls of summoning
 n - 6 scrolls of identify
 p - a scroll of fog
 t - 14 scrolls of remove curse
 G - 4 scrolls of fear
 H - a scroll of enchant weapon
 S - 2 scrolls of silence
 T - 9 scrolls of teleportation
 U - 5 scrolls of blinking
Potions
 a - a potion of heal wounds
 h - 5 potions of brilliance
 v - 2 potions of magic
 x - 3 potions of agility
 A - 9 potions of curing
 C - 2 potions of might
 D - 2 potions of haste
 J - 2 potions of ambrosia
Miscellaneous
 l - a lamp of fire
 q - an ornate deck of war
 O - a phantom mirror
 Y - a lamp of fire
 Z - a crystal ball of energy
Comestibles
 L - 2 meat rations
 R - 10 fruits
 V - 4 bread rations
 W - 9 royal jellies
 X - 3 slices of pizza


   Skills:
 - Level 13.6 Fighting
 - Level 14.0(14.1) Axes
   Level 1.4(8.7) Maces & Flails
 - Level 10.1 Armour
 - Level 10.0 Dodging
 - Level 3.1 Stealth
 - Level 10.1 Shields
 - Level 6.5 Spellcasting
 - Level 9.5 Necromancy
 - Level 5.1 Invocations
 + Level 5.6 Evocations


You had 17 spell levels left.
You knew the following spells:

 Your Spells              Type           Power        Failure   Level  Hunger
a - Pain                  Necr           ####         10%         1    None
b - Dispel Undead         Necr           ####....     99%         5    ######.
c - Animate Dead          Necr           N/A          83%         4    ####...


Dungeon Overview and Level Annotations

Branches:
Dungeon (15/15)            Temple (1/1) D:4            Lair (8/8) D:10
 Spider (1/4) Lair:4        Slime (0/6) Lair:6          Orc (2/2) D:9
    Elf (0/3) Orc:2        Vaults (0/5) D:14
  Swamp: Lair:3-6    Shoals: Lair:3-6    Depths: D:15

Altars:
Ashenzari
Cheibriados
Dithmenos
Elyvilon
Fedhas
Gozag
Kikubaaqudgha
Makhleb
Nemelex Xobeh
Okawaru
Pakellas
Qazlal
Ru
Sif Muna
Trog
Vehumet
Xom
Yredelemnul
Zin
The Shining One
Beogh

Shops:
D:10 !   D:14 %   Orc:2 [[[(

Annotations:
D:7 Joseph
Orc:2 Azrael


Innate Abilities, Weirdness & Mutations

You are resistant to damage.
You can recharge devices by infusing magical energy.
You resist negative energy.
You passively map the area around you.
You do not regenerate naturally.
You are partially covered in molten scales (AC +1).
You are partially covered in rough black scales (AC +4, Dex -1).
Your flesh is cold resistant.
You are resistant to hostile enchantments.
Your system is resistant to poisons.
You are covered in fur (AC +1).
You evolve.


Message History

You feel dopey for a moment.
Something stings you but does no damage.
You closely miss something.
You feel sick.
You feel you are being watched by something.
Something hits you but does no damage. Something hits you.
* * * LOW HITPOINT WARNING * * *
You feel dopey for a moment. Something stings you.
You are lethally poisoned!
Something poisons you!
You barely miss something.
* * * LOW HITPOINT WARNING * * *
You feel very sick. Something hits you but does no damage. Something hits you!
* * * LOW HITPOINT WARNING * * *
Something stings you but does no damage.
You barely miss something.
* * * LOW HITPOINT WARNING * * *
You feel very sick.
You barely miss something.
You die...

...........P......P...##
[....................#.#
......................##
######...#...........## ##
##...............# .#
#..#.#......#..P# ##
#..####....P#...## ##
#..P#P#..........##
.######........{@......P#
............P.....P....##
..##....#..##.###.......#
..###.####.#...###......##
..#.#...#........#.......#
...#...#................##
.....>...................#
.......##.................#
....#.#.#.................#


There were no monsters in sight!

Vanquished Creatures
  Agnes (D:14)
  A frost giant (IceCv)
  The ghost of ThereIsNoGod the Severer, a journeyman MiGl of Makhleb (Spider:1)
  Maud (D:13)
  An orc warlord (Orc:2)
  The ghost of Inkary the Fencer, a journeyman MiBe of Trog (Lair:1)
  Snorg (Orc:2)
  Fannar (Lair:2)
  3 hydras
  2 centaur warriors
  6 death yaks (Lair:8)
  An orc high priest (Orc:2)
  A tengu warrior (D:13)
  The ghost of Mungo the Grappler, a novice TrMo of Qazlal (Lair:1)
  3 hill giants
  A lindwurm (D:14)
  3 orc knights
  2 deep elf magi
  2 ugly things
  2 griffons
  4 orc sorcerers (Orc:2)
  A manticore (D:9)
  2 cyclopes
  4 elephants (Lair:3)
  An ice statue (IceCv)
  Maurice (D:9)
  A black mamba (Lair:8)
  Psyche (D:12)
  6 torpor snails (Lair:8)
  2 gargoyles
  9 spiny frogs
  4 two-headed ogres
  A rime drake (Lair:3)
  2 kobold demonologists (D:14)
  A freezing wraith (D:14)
  9 komodo dragons
  An efreet (D:12)
  A spriggan druid (Lair:8)
  A redback zombie (D:13)
  2 jumping spiders (Spider:1)
  20 polar bears
  A merfolk (D:9)
  A queen bee (Lair:8)
  6 trolls
  A two-headed ogre (shapeshifter) (D:14)
  8 blink frogs
  11 spriggans (Lair:8)
  10 redbacks
  7 wyverns
  55 yaks
  3 vampires
  3 hogs (D:9)
  A fire elemental (Orc:1)
  2 hungry ghosts
  A steam dragon (D:11)
  4 vampire mosquitoes
  5 basilisks
  9 hippogriffs
  A mottled dragon (D:14)
  5 wargs
  9 water moccasins
  8 porcupines
  A hell hound (Orc:1)
  22 black bears
  35 orc warriors
  3 sky beasts
  4 wasps (Lair:8)
  6 ice beasts
  13 ogres
  2 phantoms
  45 wolves
  3 boggarts (D:14)
  13 centaurs
  14 crocodiles
  A gnoll sergeant (D:9)
  3 big kobolds
  23 giant frogs
  4 scorpions
  2 wyvern skeletons
  28 killer bees
  2 howler monkeys
  3 electric eels (D:9)
  3 centaur zombies
  4 crimson imps
  A giant frog zombie (D:12)
  3 hounds
  33 orc priests
  5 jellies
  2 gnoll shamans (D:9)
  4 centaur skeletons
  A giant frog skeleton (D:10)
  6 iguanas
  29 orc wizards
  13 hell rats (Lair:6)
  8 worker ants
  A killer bee zombie (D:8)
  15 sheep
  2 hound skeletons
  10 adders
  48 river rats
  3 shadow imps
  12 white imps (D:13)
  An ooze (D:1)
  An adder skeleton (D:9)
  An adder zombie (D:6)
  6 worms
  5 giant geckos
  119 orcs
  3 ball pythons
  9 giant cockroaches
  9 goblins
  2 hobgoblins
  11 jackals
  4 quokkas
  6 bats
  8 giant newts
  A jackal skeleton (D:8)
  22 kobolds
  19 rats
  5 fungi
  5 plants
927 creatures vanquished.

Vanquished Creatures (collateral kills)
  Rupert (Lair:7)
  3 hydras
  An orc high priest (Orc:2)
  A black mamba (Lair:6)
  A spriggan druid (Lair:6)
  2 polar bears (Lair:6)
  A yak (Lair:8)
  An orc warrior (Orc:2)
  An ogre (D:8)
  A giant frog (Lair:7)
  3 orc wizards
  21 river rats
  An orc (Orc:2)
  4 fungi
  2 plants (Lair:8)
44 creatures vanquished.

Vanquished Creatures (others)
  A troll (D:9)
  An orc priest (D:9)
  An orc wizard (D:6)
  A river rat (Lair:6)
  17 fungi
  20 plants
41 creatures vanquished.

Grand Total: 1012 creatures vanquished

Notes
Turn   | Place    | Note
--------------------------------------------------------------
     0 | D:1      | tyranidshit the Deep Dwarf Necromancer began the quest for the Orb.
     0 | D:1      | Reached XP level 1. HP: 15/15 MP: 3/3
    66 | D:1      | Reached skill level 1 in Fighting
   146 | D:1      | Reached XP level 2. HP: 25/25 MP: 4/4
   616 | D:2      | Reached XP level 3. HP: 29/33 MP: 5/5
   886 | D:2      | Reached skill level 1 in Maces & Flails
  1593 | D:3      | Reached XP level 4. HP: 35/40 MP: 6/6
  2125 | D:3      | Found a deep blue altar of Sif Muna.
  2214 | D:4      | Found a staircase to the Ecumenical Temple.
  2232 | Temple   | Entered the Ecumenical Temple
  2274 | Temple   | Became a worshipper of Makhleb the Destroyer
  2534 | D:4      | Reached XP level 5. HP: 17/50 MP: 7/7
  2979 | D:5      | Entered Level 5 of the Dungeon
  3000 | D:5      | Found a glowing drain.
  3034 | D:5      | Reached skill level 5 in Fighting
  3041 | Sewer    | Entered a sewer
  3155 | Sewer    | Reached XP level 6. HP: 49/61 MP: 7/7
  3172 | Sewer    | Reached * piety under Makhleb
  3593 | D:5      | Noticed an ice beast
  3611 | D:5      | Killed an ice beast
  3635 | D:5      | Reached XP level 7. HP: 41/70 MP: 8/8
  4500 | D:6      | Found a basalt altar of Yredelemnul.
  4669 | D:6      | Reached ** piety under Makhleb
  4824 | D:6      | HP: 1/74 [orc priest/short sword (4)]
  4863 | D:6      | Found a glowing silver altar of Zin.
  4873 | D:6      | Reached XP level 8. HP: 48/82 MP: 9/9
  5157 | D:6      | HP: 4/85 [orc warrior/enchanted glaive (14)]
  5600 | D:7      | Reached *** piety under Makhleb
  5603 | D:7      | Reached skill level 10 in Fighting
  5657 | D:7      | Gained mutation: You have large cloven feet. [potion of mutation]
  5657 | D:7      | Gained mutation: Scrolls take you a little longer to read. [potion of mutation]
  5657 | D:7      | Lost mutation: Scrolls take you a little longer to read. [potion of mutation]
  5773 | D:7      | Reached skill level 1 in Axes
  5773 | D:7      | Reached skill level 1 in Armour
  5773 | D:7      | Reached skill level 1 in Shields
  5859 | D:7      | Gained mutation: You passively map the area around you. [Deep Dwarf growth]
  5859 | D:7      | Reached XP level 9. HP: 42/93 MP: 9/9
  5867 | D:7      | Reached skill level 2 in Axes
  5950 | D:7      | Lost mutation: You have large cloven feet. [potion of cure mutation]
  5995 | D:7      | Noticed Joseph
  6203 | D:7      | Found an oddly glowing altar of Pakellas.
  6203 | D:7      | Found a shimmering altar of Xom.
  6238 | D:7      | Reached skill level 3 in Axes
  6442 | D:7      | Reached **** piety under Makhleb
  6845 | D:8      | Reached skill level 4 in Axes
  7357 | D:9      | Found a staircase to the Orcish Mines.
  7416 | D:9      | Reached skill level 5 in Axes
  7416 | D:9      | Reached skill level 5 in Shields
  7465 | D:9      | Noticed a troll
  7482 | D:9      | Killed a two-headed ogre
  7482 | D:9      | Reached skill level 5 in Armour
  7634 | D:9      | Noticed Maurice
  7676 | D:9      | Reached XP level 10. HP: 64/102 MP: 10/10
  7803 | D:9      | Reached skill level 6 in Axes
  8080 | D:9      | Reached ***** piety under Makhleb
  8136 | D:9      | Noticed an orc knight
  8173 | Orc:1    | Entered Level 1 of the Orcish Mines
  8182 | Orc:1    | Noticed an orc knight
  8316 | D:9      | HP: 5/102 [warg[an orc knight] (9)]
  8353 | D:9      | Reached skill level 7 in Axes
  8598 | D:10     | Entered Level 10 of the Dungeon
  8702 | D:10     | Found a staircase to the Lair.
  8708 | D:10     | Got a pair of brightly glowing boots
  8722 | D:10     | Identified the +1 pair of boots "Vytytyt" {+Fly} (You found it on level 10 of the Dungeon)
  8817 | D:10     | Found Celiw's Distillery.
  8822 | D:10     | Bought a potion of mutation for 37 gold pieces
  9164 | D:10     | Noticed a hill giant
  9362 | Lair:1   | Entered Level 1 of the Lair of Beasts
  9365 | Lair:1   | Noticed Inkary's ghost (journeyman MiBe)
  9520 | Lair:2   | Noticed a spiny frog
  9542 | Lair:2   | Killed a spiny frog
  9542 | Lair:2   | Reached skill level 8 in Axes
  9542 | Lair:2   | Reached XP level 11. HP: 76/108 MP: 11/11
  9549 | Lair:2   | Noticed Fannar
  9590 | Lair:2   | Killed Fannar
  9694 | Lair:2   | Gained mutation: You are covered in fur (AC +1). [potion of mutation]
  9694 | Lair:2   | Gained mutation: You are frail (-10% HP). [potion of mutation]
  9694 | Lair:2   | Gained mutation: You have a pair of small antennae on your head. [potion of mutation]
  9695 | Lair:2   | Lost mutation: You have a pair of small antennae on your head. [potion of mutation]
  9695 | Lair:2   | Lost mutation: You are frail (-10% HP). [potion of mutation]
  9695 | Lair:2   | Gained mutation: You are partially covered in rough black scales (AC +4, Dex -1). [potion of mutation]
  9696 | Lair:2   | Gained mutation: You are resistant to hostile enchantments. [potion of mutation]
  9696 | Lair:2   | Gained mutation: You evolve. [potion of mutation]
  9697 | Lair:2   | Gained mutation: You are covered in thick fur (AC +2). [potion of mutation]
  9697 | Lair:2   | Gained mutation: Your flesh is cold resistant. [potion of mutation]
  9697 | Lair:2   | Lost mutation: You are covered in thick fur (AC +2). [potion of mutation]
  9772 | Lair:2   | Reached skill level 9 in Axes
  9811 | Lair:2   | Noticed a seven-headed hydra
 10096 | Lair:3   | Noticed an eight-headed hydra
 10224 | Lair:3   | Reached ****** piety under Makhleb
 10242 | Lair:3   | Reached skill level 10 in Shields
 10283 | Lair:3   | Reached skill level 10 in Axes
 10283 | Lair:3   | Reached skill level 10 in Armour
 10440 | Lair:4   | Reached skill level 1 in Invocations
 10440 | Lair:4   | Reached skill level 1 in Evocations
 10445 | Lair:4   | Reached XP level 12. HP: 116/116 MP: 12/12
 10503 | Lair:4   | Found a burning altar of Makhleb.
 10641 | Lair:4   | Found a hole to the Spider Nest.
 10971 | Lair:5   | Learned a level 5 spell: Dispel Undead
 11178 | Lair:5   | Got an ancient plate armour
 11196 | Lair:5   | Identified the +6 plate armour of Qetohoh {Str+3} (You found it on level 5 of the Lair of Beasts)
 11392 | Lair:5   | Noticed an eight-headed hydra
 11442 | Lair:6   | Noticed a five-headed hydra
 11459 | Lair:6   | Killed a ten-headed hydra
 11459 | Lair:6   | Reached skill level 5 in Evocations
 11466 | Lair:6   | Reached skill level 5 in Invocations
 12114 | Lair:6   | Found a staircase to the Slime Pits.
 12494 | Lair:7   | Noticed a seven-headed hydra
 12498 | Lair:7   | Noticed a five-headed hydra
 12498 | Lair:7   | Killed a seven-headed hydra
 12561 | Lair:7   | Noticed Rupert
 12572 | Lair:7   | Killed Rupert
 12572 | Lair:7   | Reached skill level 5 in Dodging
 12692 | Lair:8   | Entered Level 8 of the Lair of Beasts
 12768 | Lair:8   | Found a labyrinth entrance.
 12811 | Lab      | Entered a labyrinth
 13344 | Lab      | Gained mutation: You are partially covered in molten scales (AC +1). [evolution]
 13684 | Lab      | Noticed a minotaur
 13689 | Lab      | Noticed a centaur warrior
 13846 | Lair:8   | Found a snail-covered altar of Cheibriados.
 13945 | Lair:8   | Reached XP level 13. HP: 127/127 MP: 15/15
 14180 | Lair:8   | Reached skill level 10 in Dodging
 14748 | Lair:8   | Reached skill level 11 in Axes
 14890 | Lair:8   | Paralysed by a wasp for 3 turns
 14952 | Lair:8   | Identified the Grimoire of the Fulmar
 15883 | Lair:1   | Reached skill level 12 in Axes
 16002 | Lair:1   | Killed Inkary's ghost
 16094 | Lair:1   | Noticed Mungo's ghost (novice TrMo)
 16112 | Lair:1   | Killed Mungo's ghost
 16737 | D:9      | Killed Maurice
 16832 | D:9      | Gained mutation: You resist negative energy. [Deep Dwarf growth]
 16832 | D:9      | Reached XP level 14. HP: 139/139 MP: 16/16
 17255 | Orc:1    | Found a roughly hewn altar of Beogh.
 17381 | Orc:2    | Entered Level 2 of the Orcish Mines
 17381 | Orc:2    | Found a roughly hewn altar of Beogh.
 17614 | Orc:2    | Found a roughly hewn altar of Beogh.
 17631 | Orc:2    | Found Voukko's Antique Armour Shoppe.
 17642 | Orc:2    | Bought a transparent leather armour for 182 gold pieces
 17642 | Orc:2    | Identified the +1 leather armour of Ceraem {rC- MP+9 Str+6 Dex+4} (You bought it in a shop on level 2 of the Orcish Mines)
 17725 | Orc:2    | Found a roughly hewn altar of Beogh.
 17786 | Orc:2    | Found Pozuf's Armour Shop.
 17809 | Orc:2    | Noticed Azrael
 17980 | Orc:2    | Found a roughly hewn altar of Beogh.
 18009 | Orc:2    | Found a staircase to the Elven Halls.
 18053 | Orc:2    | Noticed Snorg
 18079 | Orc:2    | Killed Snorg
 18252 | Orc:2    | Found a roughly hewn altar of Beogh.
 18328 | Orc:2    | Reached skill level 13 in Axes
 18352 | Orc:2    | Noticed an orc warlord
 18425 | Orc:2    | HP: 7/141 [orc knight/glaive (21)]
 18505 | Orc:2    | Killed an orc warlord
 18510 | Orc:2    | Found Opsuo's Antique Armour Shop.
 18511 | Orc:2    | Found a roughly hewn altar of Beogh.
 18516 | Orc:2    | Found Oxeqor's Antique Weapon Boutique.
 18521 | Orc:2    | Bought a scorched hand axe for 160 gold pieces
 18527 | Orc:2    | Bought an ichor-stained leather armour for 210 gold pieces
 18528 | Orc:2    | Identified the +2 leather armour of Zysiwku Ceca {Int+5} (You bought it in a shop on level 2 of the Orcish Mines)
 18529 | Orc:2    | Identified the +8 hand axe of Blood {chop, Int+4} (You bought it in a shop on level 2 of the Orcish Mines)
 18589 | Orc:2    | Found a roughly hewn altar of Beogh.
 20042 | D:12     | Reached skill level 14 in Axes
 20091 | D:12     | Noticed Psyche
 20097 | D:12     | Killed Psyche
 20767 | D:13     | Reached skill level 5 in Necromancy
 20819 | D:13     | Noticed Maud
 20868 | D:13     | Killed Maud
 21178 | D:13     | Found a frozen archway.
 21222 | IceCv    | Entered an ice cave
 21599 | IceCv    | Reached XP level 15. HP: 150/150 MP: 19/19
 21961 | IceCv    | Noticed a frost giant
 21989 | IceCv    | Killed a frost giant
 22059 | IceCv    | Got a coiled crystal amulet
 22061 | IceCv    | Got a twitching ivory ring
 22062 | IceCv    | Identified the amulet "Qenire" {Harm *Drain rC- MR+++ Str+2 Dex+3} (You found it in an ice cave)
 22070 | IceCv    | Identified the ring of Ru's Approval {rC+ MR++ MP-9 Int+2} (You found it in an ice cave)
 22564 | D:13     | Found a sparkling altar of Nemelex Xobeh.
 22607 | D:13     | Gained mutation: Your system is resistant to poisons. [evolution]
 22659 | D:13     | Found a roughly hewn altar of Beogh.
 22689 | D:13     | Reached skill level 5 in Spellcasting
 22876 | D:14     | You fall through a shaft!
 22876 | D:15     | Entered Level 15 of the Dungeon
 23337 | D:14     | Found Niguwih's Food Emporium.
 23378 | D:14     | Noticed Agnes
 23396 | D:14     | Killed Agnes
 23696 | D:14     | Found a gate to the Vaults.
 23941 | D:14     | Learned a level 4 spell: Animate Dead
 24182 | Spider:1 | Entered Level 1 of the Spider Nest
 24269 | Spider:1 | Noticed ThereIsNoGod's ghost (journeyman MiGl)
 24327 | Spider:1 | Killed ThereIsNoGod's ghost
 24335 | Spider:1 | Got a fine battleaxe
 24341 | Spider:1 | Identified the +2 battleaxe of No Interval {freeze, +Blink rElec rC+ Str+2} (You found it on level 1 of the Spider Nest)
 24579 | Lair:4   | HP: 2/150 [poisoned by a ghost moth]
 24580 | Lair:4   | Succumbed to a ghost moth's poison

Skill      XL: |  1  2  3  4  5  6  7  8  9 10 11 12 13 14 15 |
---------------+----------------------------------------------+-----
Fighting       | 1 2 3 5 6 8 10 11 12 13 | 13.6
Maces & Flails | 1 |  1.4
Axes           | 1 5 8 10 12 14 | 14.0
Armour         | 1 5 7 10 | 10.1
Shields        | 1 5 8 10 | 10.1
Stealth        | 3 |  3.1
Invocations    | 1 5 |  5.1
Evocations     | 1 5 |  5.6
Dodging        | 8 10 | 10.0
Spellcasting   | 4 6 |  6.5
Necromancy     | 6 9 |  9.5

Action                   |  1- 3 |  4- 6 |  7- 9 | 10-12 | 13-15 || total
-------------------------+-------+-------+-------+-------+-------++-------
Melee: Unarmed           |    25 |       |       |       |       ||    25
       Whip              |   132 |    69 |       |       |       ||   201
       Hand axe          |       |   247 |   688 |  1487 |  3195 ||  5617
       Short sword       |       |    51 |   224 |       |       ||   275
       Battleaxe         |       |       |       |       |    72 ||    72
 Cast: Pain              |    23 |       |       |       |       ||    23
Invok: Lesser Servant of |       |       |       |     4 |    15 ||    19
       Major Destruction |       |       |       |     1 |       ||     1
 Abil: Device Recharging |       |     1 |     1 |       |       ||     2
Evoke: Wand              |     2 |    25 |    29 |    13 |    17 ||    86
       Lamp of fire      |       |       |       |       |     1 ||     1
  Use: Scroll            |     2 |    10 |     9 |    12 |    13 ||    46
       Potion            |       |     5 |     8 |     6 |     7 ||    26
 Stab: Sleeping          |     1 |       |     1 |     3 |       ||     5
       Distracted        |       |       |       |     1 |     3 ||     4
  Eat: Bread ration      |     1 |     2 |     4 |     4 |     1 ||    12
       Fruit             |       |     1 |     2 |       |     2 ||     5
       Royal jelly       |       |     1 |     1 |       |     3 ||     5
       Pizza             |       |       |     2 |     1 |       ||     3
       Beef jerky        |       |       |     7 |     1 |     4 ||    12
       Meat ration       |       |       |       |       |     6 ||     6
       Chunk             |       |       |       |       |     2 ||     2
Armor: Robe              |    12 |       |       |       |       ||    12
       Ring mail         |    37 |   231 |   464 |   471 |       ||  1203
       Plate armour      |       |       |    30 |   338 |  2393 ||  2761
Dodge: Dodged            |    96 |   162 |   406 |   514 |  1271 ||  2449
Block: Buckler           |    14 |       |       |       |       ||    14
       Shield            |       |   174 |   154 |   799 |  2001 ||  3128
